TOP OF THE 1ST |
St Charles Sheens batting - Pitching for Houston Marshals : RHP Jim Fitzgerald
|
Pitching: RHP Jim Fitzgerald
|
|
Batting: RHB Jesús Hernández
|
0-0: Ball 1-0: Ground out U3 (Groundball, 3S)
|
Batting: LHB Randy Wiggins
|
0-0: Ball 1-0: Ball 2-0: Called Strike 2-1: SINGLE (Line Drive, 4MD)
|
Batting: RHB Lúcio Alfaro
|
0-0: Called Strike 0-1: SINGLE (Groundball, 56D) Randy Wiggins to second
|
Batting: LHB Larry Howard
|
0-0: SINGLE (Line Drive, 9S) Randy Wiggins to third Lúcio Alfaro to second Runner from 3rd tries for Home, SAFE, no throw
|
Batting: RHB Judson Backstrom
|
0-0: Grounds into double play, 4-6-3 (Groundball, 4)
|
Top of the 1st over - 1 run, 3 hits, 0 errors, 1 left on base; St Charles 1 - Houston 0 |
BOTTOM OF THE 1ST |
Houston Marshals batting - Pitching for St Charles Sheens : RHP Jesús Andrade
|
Pitching: RHP Jesús Andrade
|
|
Batting: SHB Ramón Lugo
|
0-0: Ball 1-0: DOUBLE (Line Drive, 78D)
|
Batting: RHB Esteban Lara
|
0-0: Swinging Strike 0-1: Ground out 6-3 (Groundball, 6M) Ramón Lugo to third
|
Batting: LHB José Rodríguez
|
0-0: Fly out, F9 (Flyball, 9) Runner from 3rd tags up, SCORES, throw made
|
Batting: SHB Juan Gómez
|
0-0: Ball 1-0: Ball 2-0: DOUBLE (Line Drive, 8LXD)
|
Batting: SHB Álex Rosado
|
0-0: Ball 1-0: Ball 2-0: Swinging Strike 2-1: Ball 3-1: Base on Balls
|
Batting: LHB Matt Smith
|
0-0: Ball 1-0: Foul Ball, location: 2F 1-1: Fly out, F8 (Line Drive, 8LM)
|
Bottom of the 1st over - 1 run, 2 hits, 0 errors, 2 left on base; St Charles 1 - Houston 1 |
TOP OF THE 2ND |
St Charles Sheens batting - Pitching for Houston Marshals : RHP Jim Fitzgerald
|
Batting: RHB Sergio Pujols
|
0-0: Ball 1-0: Foul Ball, location: 2F 1-1: Ball 2-1: Ball 3-1: Foul Ball, location: 2F 3-2: Fly out, F7 (Flyball, 78D)
|
Batting: RHB Víctor Arredondo
|
0-0: Ball 1-0: Swinging Strike 1-1: Foul Ball, location: 2F 1-2: Foul Ball, location: 2F 1-2: Ball 2-2: SINGLE (Line Drive, 6)
|
Batting: LHB Juan Jose Rojas
|
0-0: Foul Ball, location: 2F 0-1: Ball 1-1: Grounds into double play, 4-6-3 (Groundball, 34D)
|
Top of the 2nd over - 0 runs, 1 hit, 0 errors, 0 left on base; St Charles 1 - Houston 1 |
BOTTOM OF THE 2ND |
Houston Marshals batting - Pitching for St Charles Sheens : RHP Jesús Andrade
|
Batting: LHB Bernardo Morales
|
0-0: Ball 1-0: Ball 2-0: Foul Ball, location: 2F 2-1: Foul Ball, location: 2F 2-2: Ball 3-2: Foul Ball, location: 2F 3-2: Base on Balls
|
Batting: RHB Adrian Prouse
|
0-0: Called Strike 0-1: Foul Ball, location: 2F 0-2: Ball 1-2: Foul Ball, location: 2F 1-2: Strikes out swinging
|
Batting: LHB Guy Moss
|
0-0: Ball 1-0: Called Strike 1-1: Foul Ball, location: 2F 1-2: Fielders Choice at 2nd, 1-6 (Groundball, 13S)
|
Batting: SHB Ramón Lugo
|
0-0: Ball Guy Moss steals 2nd base 1-0: Ball 2-0: Fly out, F5 (Popup, 15)
|
Bottom of the 2nd over - 0 runs, 0 hits, 0 errors, 1 left on base; St Charles 1 - Houston 1 |
TOP OF THE 3RD |
St Charles Sheens batting - Pitching for Houston Marshals : RHP Jim Fitzgerald
|
Batting: RHB Clint Younger
|
0-0: Ground out 6-3 (Groundball, 6)
|
Batting: RHB Jesús Hernández
|
0-0: Swinging Strike 0-1: Called Strike 0-2: Foul Ball, location: 2F 0-2: Foul Ball, location: 2F 0-2: SINGLE (Line Drive, 6MD)
|
Batting: LHB Randy Wiggins
|
0-0: Ball 1-0: Called Strike 1-1: Called Strike 1-2: Ball 2-2: Ball 3-2: Strikes out swinging
|
Batting: RHB Lúcio Alfaro
|
0-0: Called Strike 0-1: Ball 1-1: Foul Ball, location: 2F 1-2: Foul Ball, location: 2F 1-2: SINGLE (Groundball, 6) (infield hit) Jesús Hernández to second
|
Batting: LHB Larry Howard
|
0-0: Ball 1-0: Ball 2-0: Called Strike 2-1: Swinging Strike 2-2: Foul Ball, location: 2F 2-2: Ground out 4-3 (Groundball, 4)
|
Top of the 3rd over - 0 runs, 2 hits, 0 errors, 2 left on base; St Charles 1 - Houston 1 |
BOTTOM OF THE 3RD |
Houston Marshals batting - Pitching for St Charles Sheens : RHP Jesús Andrade
|
Batting: RHB Esteban Lara
|
0-0: Called Strike 0-1: Fly out, F7 (Flyball, 7LD)
|
Batting: LHB José Rodríguez
|
0-0: Called Strike 0-1: Ball 1-1: Swinging Strike 1-2: Foul Ball, location: 2F 1-2: TRIPLE (Flyball, 7LD)
|
Batting: SHB Juan Gómez
|
0-0: Called Strike 0-1: Foul Ball, location: 2F 0-2: Foul Ball, location: 2F 0-2: Ball 1-2: Ball 2-2: Ball Balk! José Rodríguez scores 3-2: Base on Balls
|
Batting: SHB Álex Rosado
|
0-0: Ball 1-0: Foul Ball, location: 2F 1-1: Ball 2-1: Foul Ball, location: 2F 2-2: Strikes out swinging
|
Batting: LHB Matt Smith
|
0-0: Fly out, F3 (Popup, 34S)
|
Bottom of the 3rd over - 1 run, 1 hit, 0 errors, 1 left on base; St Charles 1 - Houston 2 |
TOP OF THE 4TH |
St Charles Sheens batting - Pitching for Houston Marshals : RHP Jim Fitzgerald
|
Batting: RHB Judson Backstrom
|
0-0: Called Strike 0-1: Foul Ball, location: 2F 0-2: Ball 1-2: Foul Ball, location: 2F 1-2: Fly out, F3 (Line Drive, 34)
|
Batting: RHB Sergio Pujols
|
0-0: Fly out, F9 (Flyball, 9D)
|
Batting: RHB Víctor Arredondo
|
0-0: Ball 1-0: Ball 2-0: Foul Ball, location: 2F 2-1: Foul Ball, location: 2F 2-2: Single, Error in OF, E8, batter to second base
|
Batting: LHB Juan Jose Rojas
|
0-0: Ball 1-0: Ball 2-0: Ball 3-0: Called Strike 3-1: SINGLE (Line Drive, 8RS) Víctor Arredondo to third Runner from 3rd tries for Home, SAFE, throw made home
|
Batting: RHB Clint Younger
|
0-0: Called Strike 0-1: Ball 1-1: Ball 2-1: Foul Ball, location: 2F 2-2: Fly out, F8 (Flyball, 8LM)
|
Top of the 4th over - 1 run, 2 hits, 1 error, 1 left on base; St Charles 2 - Houston 2 |
BOTTOM OF THE 4TH |
Houston Marshals batting - Pitching for St Charles Sheens : RHP Jesús Andrade
|
Batting: LHB Bernardo Morales
|
0-0: Swinging Strike 0-1: Swinging Strike 0-2: Strikes out swinging, 2-3 out at first.
|
Batting: RHB Adrian Prouse
|
0-0: Fly out, F9 (Flyball, 89M)
|
Batting: LHB Guy Moss
|
0-0: Foul Ball, location: 2F 0-1: Ball 1-1: Called Strike 1-2: Ball 2-2: Ball 3-2: Foul Ball, location: 2F 3-2: Strikes out swinging
|
Bottom of the 4th over - 0 runs, 0 hits, 0 errors, 0 left on base; St Charles 2 - Houston 2 |
TOP OF THE 5TH |
St Charles Sheens batting - Pitching for Houston Marshals : RHP Jim Fitzgerald
|
Batting: RHB Jesús Hernández
|
0-0: Ball 1-0: Swinging Strike 1-1: Foul Ball, location: 2F 1-2: Ground out 6-3 (Groundball, 6)
|
Batting: LHB Randy Wiggins
|
0-0: Fly out, F7 (Flyball, 7S)
|
Batting: RHB Lúcio Alfaro
|
0-0: Fly out, F7 (Line Drive, 78XD)
|
Top of the 5th over - 0 runs, 0 hits, 0 errors, 0 left on base; St Charles 2 - Houston 2 |
BOTTOM OF THE 5TH |
Houston Marshals batting - Pitching for St Charles Sheens : RHP Jesús Andrade
|
Batting: SHB Ramón Lugo
|
0-0: Fly out, F8 (Flyball, 8RD)
|
Batting: RHB Esteban Lara
|
0-0: Ball 1-0: Fly out, F8 (Flyball, 8RS)
|
Batting: LHB José Rodríguez
|
0-0: Ball 1-0: SINGLE (Line Drive, 5D)
|
Batting: SHB Juan Gómez
|
0-0: Called Strike 0-1: Ball 1-1: Ground out 5-3 (Groundball, 56)
|
Bottom of the 5th over - 0 runs, 1 hit, 0 errors, 1 left on base; St Charles 2 - Houston 2 |
TOP OF THE 6TH |
St Charles Sheens batting - Pitching for Houston Marshals : RHP Jim Fitzgerald
|
Batting: LHB Larry Howard
|
0-0: Ball 1-0: Swinging Strike 1-1: Fly out, F8 (Flyball, 8LS)
|
Batting: RHB Judson Backstrom
|
0-0: Called Strike 0-1: DOUBLE (Flyball, 89XD)
|
Batting: RHB Sergio Pujols
|
0-0: Ball 1-0: Ball 2-0: Called Strike 2-1: Ground out 5-3 (Groundball, 5)
|
Batting: RHB Víctor Arredondo
|
0-0: Ball 1-0: SINGLE (Groundball, 6M) (infield hit) Judson Backstrom to third
|
Batting: LHB Juan Jose Rojas
|
0-0: Called Strike 0-1: Ball 1-1: Ball 2-1: SINGLE (Groundball, 4MD) Judson Backstrom scores Víctor Arredondo to second Runner from 2nd tries for 3rd, SAFE, no throw
|
Batting: RHB Clint Younger
|
0-0: Foul Ball, location: 2F 0-1: Foul Ball, location: 2F 0-2: Ball 1-2: Fly out, F9 (Flyball, 9LM)
|
Top of the 6th over - 1 run, 3 hits, 0 errors, 2 left on base; St Charles 3 - Houston 2 |
BOTTOM OF THE 6TH |
Houston Marshals batting - Pitching for St Charles Sheens : RHP Jesús Andrade
|
Batting: SHB Álex Rosado
|
0-0: Called Strike 0-1: Ball 1-1: Ball 2-1: Fly out, F8 (Flyball, 8LXD)
|
Batting: LHB Matt Smith
|
0-0: Ground out 6-3 (Groundball, 6)
|
Batting: LHB Bernardo Morales
|
0-0: Ball 1-0: Called Strike 1-1: SOLO HOME RUN (Flyball, 9LD), Distance : 363 ft
|
Batting: RHB Adrian Prouse
|
0-0: Foul Ball, location: 2F 0-1: Ball 1-1: Ball 2-1: Foul Ball, location: 2F 2-2: Ground out 1-4-3 (Groundball, 15S)
|
Bottom of the 6th over - 1 run, 1 hit, 0 errors, 0 left on base; St Charles 3 - Houston 3 |
TOP OF THE 7TH |
St Charles Sheens batting - Pitching for Houston Marshals : RHP Jim Fitzgerald
|
Batting: RHB Jesús Hernández
|
0-0: Called Strike 0-1: Called Strike 0-2: Ground out 5-3 (Groundball, 56)
|
Batting: LHB Randy Wiggins
|
0-0: Called Strike 0-1: Ball 1-1: Foul Ball, location: 2F 1-2: Strikes out swinging
|
Batting: RHB Lúcio Alfaro
|
0-0: Ball 1-0: Called Strike 1-1: Ball 2-1: Foul Ball, location: 2F 2-2: Foul Ball, location: 2F 2-2: Ball 3-2: Strikes out looking
|
Top of the 7th over - 0 runs, 0 hits, 0 errors, 0 left on base; St Charles 3 - Houston 3 |
BOTTOM OF THE 7TH |
Houston Marshals batting - Pitching for St Charles Sheens : RHP Jesús Andrade
|
Batting: LHB Guy Moss
|
0-0: Ball 1-0: Ball 2-0: Ball 3-0: SINGLE (Line Drive, 34D)
|
Pitching: RHP Luis Ramírez
|
|
Batting: SHB Ramón Lugo
|
0-0: Ball 1-0: Bunted foul 1-1: Ball 2-1: Sac Bunt - play at first, batter OUT! 3-4 Guy Moss to second
|
Batting: RHB Esteban Lara
|
0-0: Foul Ball, location: 2F 0-1: Swinging Strike 0-2: Ball 1-2: Ball 2-2: Foul Ball, location: 2F 2-2: Strikes out swinging
|
Batting: LHB José Rodríguez
|
0-0: Ground out 4-3 (Groundball, 4)
|
Bottom of the 7th over - 0 runs, 1 hit, 0 errors, 1 left on base; St Charles 3 - Houston 3 |
TOP OF THE 8TH |
St Charles Sheens batting - Pitching for Houston Marshals : RHP Jim Fitzgerald
|
Pitching: RHP Vinícius Itaquy
|
|
Batting: LHB Larry Howard
|
0-0: Foul Ball, location: 2F 0-1: Swinging Strike 0-2: Ball 1-2: Strikes out swinging
|
Batting: RHB Judson Backstrom
|
0-0: Ball 1-0: Swinging Strike 1-1: Called Strike 1-2: Fly out, F5 (Line Drive, 56)
|
Batting: RHB Sergio Pujols
|
0-0: Ball 1-0: Called Strike 1-1: Ball 2-1: Ground out 1-3 (Groundball, P)
|
Top of the 8th over - 0 runs, 0 hits, 0 errors, 0 left on base; St Charles 3 - Houston 3 |
BOTTOM OF THE 8TH |
Houston Marshals batting - Pitching for St Charles Sheens : RHP Luis Ramírez
|
Batting: SHB Juan Gómez
|
0-0: Swinging Strike 0-1: Swinging Strike 0-2: Strikes out swinging
|
Batting: SHB Álex Rosado
|
0-0: Ball 1-0: Foul Ball, location: 2F 1-1: Swinging Strike 1-2: Strikes out swinging
|
Batting: LHB Matt Smith
|
0-0: Ball 1-0: Ball 2-0: Foul Ball, location: 2F 2-1: Called Strike 2-2: Ball 3-2: Strikes out swinging
|
Bottom of the 8th over - 0 runs, 0 hits, 0 errors, 0 left on base; St Charles 3 - Houston 3 |
TOP OF THE 9TH |
St Charles Sheens batting - Pitching for Houston Marshals : RHP Vinícius Itaquy
|
Batting: RHB Víctor Arredondo
|
0-0: Ball 1-0: Fly out, F9 (Flyball, 9)
|
Batting: LHB Juan Jose Rojas
|
0-0: Called Strike 0-1: Fly out, F5 (Popup, 56)
|
Pinch Hitting: RHB Shawn Gutiérrez
|
0-0: Ball 1-0: Called Strike 1-1: Ball 2-1: Ball 3-1: Swinging Strike 3-2: SINGLE (Groundball, 4D)
|
Batting: RHB Jesús Hernández
|
0-0: Ball 1-0: Ball 2-0: Ball 3-0: Base on Balls Shawn Gutiérrez to second
|
Batting: LHB Randy Wiggins
|
0-0: Called Strike 0-1: SINGLE (Groundball, 56S) (infield hit) Shawn Gutiérrez to third Jesús Hernández to second
|
Pinch Hitting: RHB José Ortega
|
0-0: Ball 1-0: Foul Ball, location: 2F 1-1: Ball 2-1: Fly out, F8 (Flyball, 8RM)
|
Top of the 9th over - 0 runs, 2 hits, 0 errors, 3 left on base; St Charles 3 - Houston 3 |
BOTTOM OF THE 9TH |
Houston Marshals batting - Pitching for St Charles Sheens : RHP Luis Ramírez
|
Now at 3B: Glen MacDonald
|
|
Now at SS: Rob Brady
|
|
Batting: LHB Bernardo Morales
|
0-0: Fly out, F1 (Line Drive, 15)
|
Batting: RHB Adrian Prouse
|
0-0: Called Strike 0-1: Ball 1-1: Fly out, F9 (Flyball, 9)
|
Batting: LHB Guy Moss
|
0-0: Ball 1-0: Ball 2-0: Called Strike 2-1: Ball 3-1: Base on Balls
|
Batting: SHB Ramón Lugo
|
0-0: Ball Guy Moss steals 2nd base 1-0: Ground out 3-1 (Groundball, 34)
|
Bottom of the 9th over - 0 runs, 0 hits, 0 errors, 1 left on base; St Charles 3 - Houston 3 |
TOP OF THE 10TH |
St Charles Sheens batting - Pitching for Houston Marshals : RHP Vinícius Itaquy
|
Pitching: RHP Dave Rhodes
|
|
Batting: LHB Larry Howard
|
0-0: Ground out U3 (Groundball, 3S)
|
Batting: RHB Judson Backstrom
|
0-0: Called Strike 0-1: Fly out, F9 (Flyball, 89M)
|
Batting: RHB Sergio Pujols
|
0-0: Swinging Strike 0-1: Ball 1-1: Called Strike 1-2: Ground out 1-3 (Groundball, P)
|
Top of the 10th over - 0 runs, 0 hits, 0 errors, 0 left on base; St Charles 3 - Houston 3 |
BOTTOM OF THE 10TH |
Houston Marshals batting - Pitching for St Charles Sheens : RHP Luis Ramírez
|
Pitching: RHP Jesse Jones
|
|
Batting: RHB Esteban Lara
|
0-0: Ball 1-0: Foul Ball, location: 2F 1-1: Foul Ball, location: 2F 1-2: Strikes out swinging
|
Batting: LHB José Rodríguez
|
0-0: Ball 1-0: Ball 2-0: Ball 3-0: Called Strike 3-1: Fly out, F8 (Flyball, 8RM)
|
Batting: SHB Juan Gómez
|
0-0: Ground out 1-3 (Groundball, 13)
|
Bottom of the 10th over - 0 runs, 0 hits, 0 errors, 0 left on base; St Charles 3 - Houston 3 |
TOP OF THE 11TH |
St Charles Sheens batting - Pitching for Houston Marshals : RHP Dave Rhodes
|
Batting: RHB Víctor Arredondo
|
0-0: Swinging Strike 0-1: Ball 1-1: Foul Ball, location: 2F 1-2: Ground out 5-3 (Groundball, 56S)
|
Batting: LHB Juan Jose Rojas
|
0-0: Ball 1-0: Foul Ball, location: 2F 1-1: Swinging Strike 1-2: Ground out 4-3 (Groundball, 4)
|
Batting: RHB Glen MacDonald
|
0-0: Foul Ball, location: 2F 0-1: Ball 1-1: SINGLE (Flyball, 8RS)
|
Batting: RHB Jesús Hernández
|
0-0: Ground out 5-3 (Groundball, 56S)
|
Top of the 11th over - 0 runs, 1 hit, 0 errors, 1 left on base; St Charles 3 - Houston 3 |
|